 Dungeon Crawl Stone Soup version 0.28.0-43-g3370ac3207 (webtiles) character file.

Game seed: 17152688880380106155

35 protoss039 the Ducker (level 3, 0/28 HPs)
             Began as a Djinni Fire Elementalist on Mar 16, 2022.
             Slain by a gnoll
             ... wielding a +0 spear
              (5 damage)
             ... on level 1 of the Dungeon.
             The game lasted 00:02:52 (1988 turns).

protoss039 the Ducker (Djinni Fire Elementalist)    Turns: 1988, Time: 00:02:53

Health: 0/28       AC:  2    Str:  7    XL:     3   Next: 55%
Gold:   46         EV: 12    Int: 18    God:
                   SH:  0    Dex: 13

rFire   + + .      SeeInvis .   b - +0 dagger
rCold   x . .      Faith    .   (no shield)
rNeg    . . .      Spirit   .   a - +0 robe
rPois   ∞          Reflect  .   (no helmet)
rElec   .          Harm     .   (no cloak)
rCorr   .          Rampage  .   (no gloves)
Will    .....                   (boots unavailable)
Stlth   ++........              (no amulet)
HPRegen 0.09/turn               (no ring)
MPRegen 0.00/turn               (no ring)

@: flying
A: sickness immunity, fire resistance 2, cold vulnerability 1, float, innate
caster, HP casting, extra vitality 1
a: no special abilities


You were on level 1 of the Dungeon.
You visited 1 branch of the dungeon, and saw 1 of its levels.

You collected 46 gold pieces.

Inventory:

Hand Weapons
 b - a +0 dagger (weapon)
Armour
 a - a +0 robe (worn)


   Skills:
 * Level 1.7 Fighting
 + Level 2.9 Dodging
 + Level 2.1 Stealth
 - Level 2.4 Spellcasting


You couldn't memorise any spells.
You knew the following spells:

 Your Spells              Type           Power      Damage    Failure   Level
a - Foxfire               Conj/Fire      40%        2x1d6     6%          1
b - Scorch                Fire           20%        2d6       10%         2
c - Conjure Flame         Conj/Fire      10%        6-21      19%         3
d - Inner Flame           Hex/Fire       10%        N/A       19%         3
e - Flame Wave            Conj/Fire      10%        2d5       54%         4
f - Shock                 Conj/Air       40%        1d5       6%          1
Your spell library was empty.

Dungeon Overview and Level Annotations

Branches:
Dungeon (1/15)

Altars:


Innate Abilities, Weirdness & Mutations

You are immune to sickness and miasma.
You are immune to poison.
Your flesh is very heat resistant. (rF++)
You are vulnerable to cold. (rC-)
You float through the air rather than walking.
You learn spells naturally, not from books.
Your magical power is your life essence.
You have superior vitality. (+4 MHP)


Message History

The jackal bites you but does no damage.
Casting: Foxfire (safe; 6% risk of failure)
Confirm with . or Enter, or press ? or * to list all spells.
You conjure some foxfire!
The jackal bites you. The jackal closely misses you.
The foxfire hits the jackal.
You kill the jackal!
The foxfire hits the jackal.
The jackal is severely wounded.
You see here a ball python corpse.
Casting: Foxfire (safe; 6% risk of failure)
Confirm with . or Enter, or press ? or * to list all spells.
You conjure some foxfire!
The jackal bites you but does no damage. x2
The jackal bites you.
* * * LOW HITPOINT WARNING * * *
Your foxfire dissipates!
The foxfire hits the jackal.
You kill the jackal!
The jackal bites you but does no damage.
The jackal barely misses you. The jackal barely misses you.
Press: ? - help, v - describe, . - travel
Here: a gnoll, wielding a +0 spear The floor.
The jackal misses you.
The jackal bites you but does no damage.
The jackal misses you. The jackal misses you. The jackal bites you.
The jackal closely misses you.
Casting: Foxfire (safe; 6% risk of failure)
Confirm with . or Enter, or press ? or * to list all spells.
You conjure some foxfire!
* * * LOW HITPOINT WARNING * * *
The jackal bites you.
* * * LOW HITPOINT WARNING * * *
The jackal bites you.
* * * LOW HITPOINT WARNING * * *
The gnoll hits you from afar with a +0 spear.
You die...

#.# ####.##### ##...##
#.# ..# #.# ##+# #.#
### #.#### #.# #..
##.##.## #.# ###
#.>....## ##.##
#.......# ##...#####
#...g..## #.....##.####
###.#vh#####...##......
#.#.@v.............##
#.##.##########...##
#^##.# ##.## #....# ###
######


You could see a gnoll and a jackal (ally target).

Vanquished Creatures
  A dart slug (D:1)
  4 ball pythons (D:1)
  A bat (D:1)
  5 endoplasms (D:1)
  2 giant cockroaches (D:1)
  A hobgoblin (D:1)
  4 jackals (D:1)
  2 quokkas (D:1)
  3 frilled lizards (D:1)
  2 goblins (D:1)
  4 rats (D:1)
29 creatures vanquished.

Vanquished Creatures (others)
  61 foxfires (D:1)
61 creatures vanquished.

Grand Total: 90 creatures vanquished

Notes
Turn   | Place    | Note
-------+----------+-------------------------------------------
     0 | D:1      | protoss039 the Djinni Fire Elementalist began the quest for
                  | the Orb.
     0 | D:1      | Reached XP level 1. HP: 15/15 MP: 0/0
   406 | D:1      | Reached skill level 1 in Fighting
   406 | D:1      | Reached XP level 2. HP: 2/22 MP: 0/0
  1447 | D:1      | Reached XP level 3. HP: 24/27 MP: 0/0
  1447 | D:1      | Learned a level 1 spell: Shock
  1988 | D:1      | Slain by a gnoll

Illustrated notes

Levels and vault maps discovered:
D:1:      lightli_arrival_farm, layout_loops_corners

Skill      XL: |  1  2 |
---------------+-------+-----
Fighting       | 1 |  1.7
Stealth        | 2 |  2.1
Dodging        | |  2.9
Spellcasting   | |  2.4

Action                   || total
-------------------------++-------
Melee: Unarmed           ||    36
       Dagger            ||    19
       Punch             ||     1
 Cast: Foxfire           ||    34
       Scorch            ||     4
 Stab: Sleeping          ||     3
Armor: Robe              ||    18
Dodge: Dodged            ||    74
